Un piccolo uomo sotterraneo, lawful female dwarven Archeologist --------- |...D_..| |..@....| ----- |...@..[| |... |....D..| --%.--------- | |.......| | ... --%).|..%%...| |. ----|---- .| ....%---...%|..%%...| |.............| .%%%%%).....%%.%)...| ---.........--- ..[[$%---$)%.|..[%)%.| -----|----- .%)..-- --...|..%....| ... --|---- --.%--------- ... -------...| |... .A. |.%.%%)...| ----- ... --..)------- ... --...%| -A----... ..%..... ------- Un piccolo uomo sotterraneo the Collector Experience level: 29 Strength: 25 Dexterity: 19 Constitution: 20 Intelligence: 16 Wisdom: 16 Charisma: 13 Health: 243(243) Energy: 151(151) Def: 52 Gold: 0 Moves: 35917 Dungeon seed: iXcxaLGJK-6gZNSx Game ID: Un piccolo uomo sotterraneo_1525794345 Your Inventory: Amulets D - an uncursed amulet of life saving (being worn) Weapons a - the blessed rustproof +7 Snickersnee (weapon in hand) Armor e - a blessed +4 gray dragon scale mail (being worn) r - a blessed +4 cloak of endurance (being worn) v - a blessed rustproof +5 pair of gauntlets of power (being worn) y - a blessed fireproof +4 pair of speed boots (being worn) F - an uncursed +5 shield of reflection (being worn) Y - a blessed +4 dwarvish iron helm (being worn) Comestibles W - 3 uncursed lizard corpses Potions t - a blessed potion of object detection u - an uncursed potion of gain level Rings p - a blessed ring of conflict (on right hand) O - an uncursed ring of slow digestion (on left hand) Q - an uncursed ring of levitation Wands d - an uncursed wand of digging (0:2) f - an uncursed wand of death (2:5) h - an uncursed wand of enlightenment (0:12) i - an uncursed wand of fire (0:3) l - an uncursed wand of fire (0:0) A - an uncursed wand of teleportation (0:2) C - an uncursed wand of teleportation (0:6) K - an uncursed wand of secret door detection (0:12) N - an uncursed wand of striking (0:1) V - a blessed wand of cancellation (0:0) Tools b - a blessed bag of holding c - an uncursed stethoscope o - an uncursed lock pick B - an uncursed towel P - an uncursed +6 unicorn horn named Strofinami! X - the blessed Orb of Detection (0:5) Gems m - a blessed luckstone z - an uncursed obsidian Contents of the bag of holding: a cursed +7 elven spear named e' dedicato a woodfighter an uncursed +0 pair of water walking boots an uncursed partly eaten food ration 9 uncursed food rations a cursed partly eaten food ration a [uncursed] fortune cookie a [uncursed] lembas wafer an uncursed lump of royal jelly 3 [uncursed] melons 4 blessed sprigs of wolfsbane 2 [uncursed] tins of gelatinous cube a [uncursed] tin of nurse meat 2 blessed scrolls of blank paper 10 uncursed scrolls of blank paper 7 cursed scrolls of blank paper 4 blessed scrolls of charging 2 blessed scrolls of create monster a blessed scroll of fire a [uncursed] scroll of fire 2 uncursed scrolls of gold detection a cursed scroll of gold detection a [blessed] scroll of gold detection a blessed scroll of identify a cursed scroll of identify 4 uncursed scrolls of magic mapping a blessed scroll of remove curse 2 cursed scrolls of remove curse 2 [uncursed] scrolls of scare monster a [uncursed] scroll of scare monster an uncursed scroll of taming 6 cursed scrolls of teleportation an uncursed spellbook of magic mapping 11 uncursed potions of full healing 4 cursed potions of full healing 5 potions of holy water a potion of unholy water a [uncursed] ring of conflict an uncursed ring of free action an uncursed ring of teleport control a [uncursed] wand of create monster [0:13] a [uncursed] wand of create monster [0:12] an uncursed wand of death (0:4) an uncursed wand of death (0:1) an uncursed wand of digging (0:5) a [uncursed] wand of digging [0:7] a [uncursed] wand of digging [0:3] a [blessed] wand of digging [0:2] a [blessed] wand of digging [0:7] a [cursed] wand of digging [0:8] a [uncursed] wand of digging [0:3] a [uncursed] wand of digging [0:4] a [uncursed] wand of digging [0:5] a [uncursed] wand of digging [0:6] a [cursed] wand of digging [0:5] a [uncursed] wand of lightning [0:8] an uncursed wand of probing (0:5) an uncursed wand of probing (0:5) a [uncursed] wand of speed monster [0:4] a cursed wand of teleportation (0:5) an uncursed wand of teleportation (0:4) a cursed wand of teleportation (0:4) a [uncursed] can of grease [0:19] a [uncursed] pair of lenses an uncursed tin opener an uncursed towel an uncursed +0 unicorn horn a cursed -1 unicorn horn 4 [blessed] wax candles [0:400] 11 [uncursed] agates 4 [uncursed] emeralds 11 [uncursed] jacinths 4 [uncursed] jades 3 uncursed obsidians Spells and supernatural/magical abilities: Name Level Category Fail Memory a - force bolt 1 attack 100% 8% c - cause fear 3 enchantment 100% 9% e - charm monster 5 enchantment 100% 7% h - healing 1 healing 100% 8% i - invisibility 4 escape 100% 8% j - jumping 1 escape 100% 16% k - knock 1 matter 100% 9% l - light 1 divination 100% 9% n - detect monsters 1* divination 100% 0% p - protection 1 clerical 100% 16% r - remove curse 3* clerical 100% 0% u - confuse monster 2 enchantment 100% 8% v - clairvoyance 3* divination 100% 0% x - extra healing 3 healing 100% 3% z - sleep 2 enchantment 100% 9% E - detect food 2* divination 100% 0% H - haste self 3 escape 100% 8% K - cure sickness 3 healing 100% 8% L - levitation 4 escape 100% 35% M - magic mapping 5 divination 89% 16% O - create monster 2 clerical 100% 9% V - teleportitis -- ability ? -- W - pray for help -- divine ? -- Your skills at the end: Miscellaneous Skills shield [Basic] wands [Skilled] stealth [Basic] Weapon Skills pick-axe [Expert] long sword [Basic] scimitar [Skilled] whip [Basic] Spellcasting Skills divination spells [Skilled] Final Attributes: You were piously aligned. You were fire resistant. You were cold resistant. You were sleep resistant. You were disintegration-resistant. You were shock resistant. You were poison resistant. You were magic-protected. Your writing hand was ok. You saw invisible. You were telepathic. You had automatic searching. You had infravision. You were somewhat stealthy. You caused conflict. You could teleport. You had slower digestion. You were protected. You were very fast. You had reflection. You had free action. Your life would have been saved. You were extremely lucky. You had extra luck. Good luck did not time out for you. You survived. Vanquished creatures: Asmodeus Dispater Orcus Juiblex The Wizard of Yendor (6 times) Death Pestilence (twice 2 blood puddings 2 high priests 2 ancient white dragons 5 ancient orange dragons an ancient blue dragon 3 ancient green dragons 2 ancient yellow dragons 4 mammoths Vlad the Impaler Medusa Croesus 10 elder orange dragons 3 iron golems 5 red dragons 5 white dragons 6 orange dragons 7 black dragons a blue dragon 2 green dragons a yellow dragon 3 storm giants 2 titans 5 deep ettins 50 balrogs The Minion of Huhetotl 4 purple worms 12 minotaurs 3 jabberwocks 9 baluchitheria 14 Angels 2 young gray dragons a young silver dragon 5 young red dragons 7 young white dragons a young orange dragon 4 young black dragons 7 young blue dragons 4 young yellow dragons 2 demiliches 7 stone golems 6 Olog-hai 2 Nazgul 21 pit fiends 31 sandestins 4 hell hounds 4 titanotheres 5 trappers a baby silver dragon 86 baby orange dragons a baby blue dragon 3 gryphons 30 vampire lords 5 shades 3 skeletons 27 aligned priests 6 captains 4 liches a clay golem 6 nurses 50 ice devils 37 nalfeshnees 4 lurkers above 4 frost giants 2 golden nagas 13 black puddings 29 vampires 30 ghosts 7 ettins 9 lieutenants a priestess 2 rangers 2 queen bees 5 winged gargoyles a mind flayer 4 giant mimics 6 fire giants 4 ogre kings 7 Elvenkings 2 ice trolls 6 rock trolls 7 umber hulks a flesh golem 18 doppelgangers 48 hezrous 40 bone devils 6 salamanders 5 large mimics a wumpus 3 fire vortices 9 long worms 2 couatls 13 stalkers 8 air elementals 9 fire elementals 4 earth elementals a water elemental 6 hill giants 5 giant mummies 8 elf-lords 7 xorns 10 giant zombies 16 sergeants 3 water demons a barbed devil 16 vrocks 5 wargs 4 winter wolves a hell hound pup 12 quantum mechanics 4 small mimics 17 island nymphs a glass piercer 9 warhorses 8 steam vortices 13 xans 6 ettin mummies 4 ogre lords 17 trolls 4 wood golems an erinys 8 mariliths 2 djinn 4 pyrolisks 3 freezing spheres 3 flaming spheres 4 shocking spheres 2 large cats 5 tigers 6 gargoyles a tengu 7 gelatinous cubes 10 ochre jellies 11 chameleons 14 leocrottas 4 energy vortices 5 mountain centaurs a giant 9 elf mummies 27 human mummies 8 red nagas 4 green slimes 22 Grey-elves 13 pit vipers 14 pythons 13 cobras 63 wraiths 23 ettin zombies 5 leather golems 84 soldiers a horned devil 17 succubi 42 incubi 12 giant beetles 10 cockatrices 13 wolves 2 winter wolf cubs 3 black lights 4 lynxes 4 panthers 85 gremlins 14 leprechauns 4 quivering blobs a spotted jelly 14 lizards 5 mountain nymphs 3 orc-captains a mumak 7 giant spiders 12 scorpions 10 iron piercers 2 horses 2 ice vortices 6 vampire bats 4 forest centaurs a gnome king 4 orc mummies 3 dwarf mummies an ogre 2 brown puddings 14 Green-elves a rust monster 10 owlbears 7 yetis 4 gold golems 6 werewolves 3 piranhas 9 giant eels 5 chickatrices 3 dogs 3 dingos 4 housecats 4 jaguars 3 dwarf lords a blue jelly 10 water nymphs 2 gray unicorns 2 black unicorns 4 dust vortices 32 ravens 6 plains centaurs 4 gnome mummies 13 Woodland-elves 36 snakes 6 water moccasins 11 apes 19 human zombies a rope golem 31 soldier ants 11 fire ants 15 yellow lights 22 bugbears 3 imps a wood nymph 26 Mordor orcs 14 Uruk-hai 8 orc shamans 3 rock moles 8 rock piercers 7 ponies 8 fog clouds 4 shriekers 6 violet fungi 12 gnome lords 2 gnomish wizards 6 kobold mummies a red naga hatchling 2 black naga hatchlings 5 gray oozes 8 barrow wights 21 elf zombies 7 ghouls 2 straw golems a paper golem 2 jellyfish 15 giant ants 3 puppies 6 floating eyes 2 kittens 3 dwarves a homunculus 9 quasits 4 kobold lords 4 kobold shamans 15 iguanas 42 hill orcs 15 rothes 2 rabid rats 4 centipedes 5 jitterbugs 3 giant bats a monkey 18 orc zombies 7 dwarf zombies 2 wererats 6 werejackals 48 killer bees 2 gas spores 2 hobbits 4 acid blobs 6 large kobolds 5 geckos 25 hobgoblins 11 giant rats 6 cave spiders a brown mold 4 yellow molds a green mold 3 red molds 10 gnomes 40 garter snakes 9 manes 14 gnome zombies 15 jackals 5 foxes 3 kobolds 10 newts 11 goblins 5 sewer rats 7 grid bugs 8 bats 8 lichens 9 kobold zombies 2606 creatures vanquished. Genocided species: chickatrices cockatrices pyrolisks mind flayers master mind flayers liches demiliches master liches arch-liches rust monsters disenchanters jellyfish piranhas sharks giant eels electric eels krakens 17 species genocided. Voluntary challenges: You were not invisible. You were not displaced. You used a wielded weapon 5136 times, starting on turn 18. You did not use sinks. You read items or engraved 305 times, starting on turn 8. You genocided 17 types of monsters, starting on turn 19004. You never polymorphed an object. You never changed form. You cheated 1 time but completed Sokoban on turn 11603. You used 4 wishes, starting on turn 20181. You did not wish for any artifacts. You split 11 puddings, starting on turn 19754. You wrote Elbereth's name 1 time, starting on turn 17981. You violated your moral code, losing 11 points of alignment, starting on turn 2446. Dungeon overview: The Dungeons of Doom: levels 1 to 27 Level 1 stairs to The Elemental Planes Level 2 a general store, a fountain Level 3 (qui ci sono del tesoro piu qualche cosa da acquistare ) an armor shop Level 4 (T) stairs to The Gnomish Mines Level 5 Level 6 Level 7 (leprechains) Level 8 a general store Level 9 Level 10 stairs to Sokoban Level 11 Level 12 a sink Level 13 Level 14 (T) portal to Fort Ludios Level 15 Level 16 portal to The Quest Level 17 Level 18 Level 19 (T + corpse of woodfighter) some fountains Level 20 Level 21 a temple to Huhetotl Level 22 many trees Level 23 Level 24 Level 25 Level 26 Level 27 a magic chest, many fountains, many sinks, many trees Gehennom: levels 28 to 52 Level 28 a temple to Moloch, a magic chest stairs to The Dungeons of Doom Level 29 Level 30 Level 31 Level 32 a magic chest, a fountain Level 33 Level 34 a fountain Level 35 Level 36 Level 37 Level 38 a magic chest stairs to Vlad's Tower Level 39 some shops, an altar to Moloch, a magic chest, a fountain Level 40 (Dragons) Level 41 Level 42 a magic chest Level 43 Level 44 portal to Gehennom Level 45 Level 46 Level 47 Level 48 Level 49 portal to Gehennom Level 50 Level 51 Level 52 The Gnomish Mines: levels 5 to 13 Level 5 stairs to The Dungeons of Doom Level 6 Level 7 many shops, some temples to Quetzalcoatl, a magic chest, some fountains Level 8 Level 9 Level 10 Level 11 Level 12 Level 13 some altars to Moloch, a magic chest, some fountains The Quest: levels 1 to 6 Level 1 a magic chest, a throne portal to The Dungeons of Doom Level 2 Level 3 some temples to Quetzalcoatl, Camaxtli, and Huhetotl Level 4 Level 5 Level 6 a temple to Huhetotl Sokoban: levels 6 to 9 Level 6 a magic chest Level 7 Level 8 Level 9 a magic chest stairs to The Dungeons of Doom Fort Ludios: Level 1 a magic chest portal to The Dungeons of Doom Vlad's Tower: levels 35 to 37 Level 35 a throne Level 36 an altar to Moloch Level 37 stairs to Gehennom The Elemental Planes: Astral Plane <- You were here some high altars Plane 4 portal to The Elemental Planes Plane 3 portal to The Elemental Planes Plane 2 portal to The Elemental Planes Plane 1 portal to The Elemental Planes History has recorded: On T:1 you entered the Dungeons of Doom to retrieve the Amulet of Yendor! On T:196 you reached level 2 of The Dungeons of Doom. On T:457 you reached level 3 of The Dungeons of Doom. On T:484 you advanced to experience level 2. On T:711 you advanced to experience level 3. On T:782 you reached level 4 of The Dungeons of Doom. On T:1084 you reached level 1 of The Gnomish Mines. On T:1270 you reached level 5 of The Dungeons of Doom. On T:1305 you prayed to Quetzalcoatl. On T:1356 you reached level 6 of The Dungeons of Doom. On T:1374 you advanced to experience level 4. On T:1544 you reached level 2 of The Gnomish Mines. On T:1581 you advanced to experience level 5. On T:1692 you reached level 3 of The Gnomish Mines. On T:1894 you advanced to experience level 6. On T:1909 you entered the Minetown temple On T:1947 you opened a magic chest. On T:2346 you prayed to Quetzalcoatl. On T:3261 you advanced to experience level 7. On T:3452 you reached level 4 of The Gnomish Mines. On T:3700 you reached level 5 of The Gnomish Mines. On T:3946 you reached level 6 of The Gnomish Mines. On T:4001 you advanced to experience level 8. On T:4106 you reached level 7 of The Gnomish Mines. On T:4367 you reached level 8 of The Gnomish Mines. On T:4572 you reached level 9 of The Gnomish Mines. On T:4572 you reached the bottom of the Mines. On T:4721 you advanced to experience level 9. On T:5625 you received Snickersnee from Quetzalcoatl. On T:7596 you reached level 7 of The Dungeons of Doom. On T:7744 you reached level 8 of The Dungeons of Doom. On T:8380 you reached level 9 of The Dungeons of Doom. On T:8419 you reached level 10 of The Dungeons of Doom. On T:8511 you reached level 11 of The Dungeons of Doom. On T:8694 you reached level 12 of The Dungeons of Doom. On T:8853 you advanced to experience level 10. On T:8937 you reached level 4 of Sokoban. On T:9174 you reached level 3 of Sokoban. On T:10401 you reached level 2 of Sokoban. On T:10873 you reached level 1 of Sokoban. On T:11603 you entered the Sokoban zoo. On T:12415 you prayed to Quetzalcoatl. On T:13340 you reached level 13 of The Dungeons of Doom. On T:13552 you reached level 14 of The Dungeons of Doom. On T:13717 you reached Fort Ludios. On T:13903 you reached level 15 of The Dungeons of Doom. On T:14566 you advanced to experience level 11. On T:14737 you reached level 16 of The Dungeons of Doom. On T:14937 you reached level 1 of The Quest. On T:14959 you reached level 17 of The Dungeons of Doom. On T:15172 you reached level 18 of The Dungeons of Doom. On T:15172 you entered the Rogue tribute level. On T:15246 you reached level 19 of The Dungeons of Doom. On T:15867 you prayed to Quetzalcoatl. On T:16500 you reached level 20 of The Dungeons of Doom. On T:16649 you reached level 21 of The Dungeons of Doom. On T:16801 you reached level 22 of The Dungeons of Doom. On T:16877 you killed Medusa on level 22 of The Dungeons of Doom. On T:17020 you advanced to experience level 12. On T:17037 you reached level 23 of The Dungeons of Doom. On T:17351 you reached level 24 of The Dungeons of Doom. On T:17372 you reached The Castle. On T:17789 you reached The Valley of the Dead. On T:18339 you reached level 26 of The Dungeons of Doom. On T:18982 you prayed to Quetzalcoatl. On T:19954 you advanced to experience level 13. On T:19971 you advanced to experience level 14. On T:20104 you killed Croesus in Fort Ludios. On T:20181 you wished for "blessed ring of conflict". On T:21170 you prayed to Quetzalcoatl. On T:22594 you reached level 25 of The Dungeons of Doom. On T:23275 you advanced to experience level 15. On T:23324 you reached level 2 of Gehennom. On T:23493 you reached level 3 of Gehennom. On T:23753 you reached level 4 of Gehennom. On T:23845 you reached level 5 of Gehennom. On T:24029 you killed Asmodeus on level 5 of Gehennom. On T:24037 you reached level 6 of Gehennom. On T:24114 you advanced to experience level 16. On T:24167 you reached level 8 of Gehennom. On T:24169 you reached level 9 of Gehennom. On T:24470 you reached level 7 of Gehennom. On T:25005 you reached level 10 of Gehennom. On T:25255 you reached level 3 of Vlad's Tower. On T:25446 you reached level 2 of Vlad's Tower. On T:25528 you reached level 1 of Vlad's Tower. On T:25552 you killed Vlad the Impaler on level 1 of Vlad's Tower. On T:25577 you advanced to experience level 17. On T:25578 you advanced to experience level 18. On T:25579 you advanced to experience level 19. On T:25676 you killed Dispater on level 10 of Gehennom. On T:25837 you embarked upon an epic quest. On T:25887 you reached level 2 of The Quest. On T:26044 you reached level 3 of The Quest. On T:26339 you advanced to experience level 20. On T:26340 you advanced to experience level 21. On T:26444 you reached level 4 of The Quest. On T:26602 you reached level 5 of The Quest. On T:26661 you reached level 6 of The Quest. On T:26844 you killed Minion of Huhetotl on level 6 of The Quest. On T:26974 you completed the quest! On T:27397 you prayed to Quetzalcoatl. On T:27607 you wished for "magic marker". On T:29448 you killed Juiblex on level 7 of Gehennom. On T:29947 you reached level 12 of Gehennom. On T:30260 you killed Orcus on level 12 of Gehennom. On T:30352 you reached level 13 of Gehennom. On T:30658 you wished for "blessed +2 gray dragon scale mail". On T:30668 you reached level 14 of Gehennom. On T:30862 you reached level 15 of Gehennom. On T:30875 you reached level 16 of Gehennom. On T:30995 you advanced to experience level 22. On T:31010 you reached level 17 of Gehennom. On T:31039 you reached level 18 of Gehennom. On T:31190 you reached level 19 of Gehennom. On T:31297 you reached level 20 of Gehennom. On T:31403 you reached level 21 of Gehennom. On T:31513 you reached level 22 of Gehennom. On T:31553 you advanced to experience level 23. On T:31626 you reached level 23 of Gehennom. On T:31644 you reached level 24 of Gehennom. On T:31944 you advanced to experience level 24. On T:32543 you advanced to experience level 25. On T:32544 you advanced to experience level 26. On T:32545 you advanced to experience level 27. On T:32546 you advanced to experience level 28. On T:32547 you advanced to experience level 29. On T:32548 you advanced to experience level 30. On T:32860 you wished for "blessed +2 cloak of endurance". On T:32946 you killed Wizard of Yendor on level 15 of Gehennom. On T:33195 you performed the invocation. On T:33196 you reached level 25 of Gehennom. On T:33207 you killed Wizard of Yendor on level 25 of Gehennom. On T:33415 you killed Wizard of Yendor on level 25 of Gehennom. On T:33445 you killed high priest of Moloch on level 25 of Gehennom. On T:33450 you gained the Amulet of Yendor! On T:34146 you killed Wizard of Yendor on level 8 of Gehennom. On T:35456 you reached the Plane of Earth. On T:35457 you killed Wizard of Yendor on the Plane of Earth. On T:35538 you reached the Plane of Air. On T:35620 you reached the Plane of Fire. On T:35637 you reached the Plane of Water. On T:35721 you killed Wizard of Yendor on the Plane of Water. On T:35748 you reached the Astral Plane. On T:35798 you killed Pestilence on the Astral Plane. On T:35853 you killed Death on the Astral Plane. On T:35865 you killed Pestilence on the Astral Plane. On T:35917 you lost the Amulet of Yendor. On T:35917 you offered the Amulet of Yendor to Quetzalcoatl and ascended to the status of Demigoddess! Score breakdown: Gold: 0 ( 0 points) Experience: 29 levels ( 2000 points) Exploration: 52 levels ( 2000 points) Discoveries: 156 items ( 2000 points) Variety of kills: 289 monsters ( 2000 points) Major goal: ascended ( 5000 points) Ascension bonuses Valuables value: 50100 ( 2000 points) Artifacts: 2 ( 2000 points) Speed bonus: 35917 turns ( 3204 points) Conduct bonus: 3 conducts ( 5000 points) Survival: ascended (score multiplied by 10) Total score: 252040 Latest messages: A bolt of lightning strikes down at the yellow dragon from above! The invisible high priestess of Quetzalcoatl points at the yellow dragon, then curses. The blue dragon breathes lightning! The blast of lightning whizzes by you! You are blinded by the flash! The blast of lightning whizzes by you! You slash the yellow dragon. (2x) You hack the yellow dragon. The blast of lightning whizzes by you! (2x) It is missed. (2x) You hear something shatter! You can see again. The blue dragon turns to flee! There is an altar to Quetzalcoatl (lawful) here. You offer the Amulet of Yendor to Quetzalcoatl... An invisible choir sings, and you are bathed in radiance... The voice of Quetzalcoatl booms out: "Congratulations, mortal!" "In return for thy service, I grant thee the gift of Immortality!" You ascend to the status of Demigoddess... Final status: Goodbye Un piccolo uomo sotterraneo the Demigoddess, ascended... You went to your reward with 252040 points, Snickersnee (worth 1200 zorkmids) The Orb of Detection (worth 2500 zorkmids) 11 jacinths (worth 35750 zorkmids), 11 agates (worth 2200 zorkmids), 4 emeralds (worth 10000 zorkmids), 4 obsidians (worth 800 zorkmids), 4 jades (worth 1200 zorkmids), 1 amulet of life saving (worth 150 zorkmids), and 0 pieces of gold, after 35917 moves. You were level 29 with a maximum of 243 hit points when you ascended.